 Dungeon Crawl Stone Soup version 0.30-b1-2-g02819fbbbe (webtiles) character file.

Game seed: 3216099683187539717

44 H0rd4k the Charlatan (level 3, -5/26 HPs)
             Began as a Human Artificer on May 3, 2023.
             Slain by a goblin
             ... wielding a +0 club
             ... led by Robin
              (6 damage)
             ... on level 2 of the Dungeon.
             The game lasted 00:01:21 (1728 turns).

H0rd4k the Charlatan (Human Artificer)              Turns: 1728, Time: 00:01:21

Health: -5/26      AC:  4    Str: 12    XL:     3   Next: 87%
Magic:  3/3        EV: 11    Int: 19    God:
Gold:   106        SH:  0    Dex: 13    Spells: 2/2 levels left

rFire   . . .        o - +0 mace
rCold   . . .        (no shield)
rNeg    . . .        b - +0 leather armour
rPois   .            (no helmet)
rElec   .            i - +0 cloak
rCorr   .            (no gloves)
SInv    +            (no boots)
Will    .....        (no amulet)
Stlth   +            j - +6 ring of intelligence
HPRegen 0.24/turn    k - ring of see invisible
MPRegen 0.08/turn

%: no passive effects
@: no status effects
A: no striking features
a: no special abilities


You were on level 2 of the Dungeon.
You visited 1 branch of the dungeon, and saw 2 of its levels.

You collected 106 gold pieces.

Inventory:

Hand Weapons
 o - a +0 mace (weapon)
Armour
 b - a +0 leather armour (worn)
 i - a +0 cloak (worn)
Jewellery
 j - a +6 ring of intelligence (left hand)
 k - a ring of see invisible (right hand)
 p - a ring of ice
Wands
 c - a wand of flame (36) (quivered)
 d - a wand of charming (14)
 e - a wand of iceblast (5)
Scrolls
 f - 2 scrolls of magic mapping {unknown}
 g - 5 scrolls of identify {unknown}
 h - a scroll of teleportation {unknown}
 m - a scroll of amnesia {unknown}
 q - a scroll of noise {unknown}
Potions
 a - 2 potions of brilliance {unknown}
 l - a potion of cancellation {unknown}
 n - a potion of ambrosia {unknown}


   Skills:
 + Level 1.3 Fighting
 + Level 1.4 Maces & Flails
 - Level 2.2 Armour
 + Level 1.4 Dodging
 + Level 1.1 Stealth
 + Level 3.6 Evocations


You had 2 spell levels left.
You didn't know any spells.
Your spell library contained the following spells:

 Spells                   Type           Power      Damage    Failure   Level
 Anguish                  Hex/Necr       0%         N/A       95%         4
 Enfeeble                 Hex            0%         N/A       100%        7


Dungeon Overview and Level Annotations

Branches:
Dungeon (2/15)

Altars:

Annotations:
D:2 Robin


Message History

The goblin hits you but does no damage.
A goblin comes into view. It is wielding a +0 spear.
The goblin hits you but does no damage. The goblin attacks as you move away!
The goblin closely misses you. Robin hits you with a +3 spectral club.
The goblin hits you but does no damage.
Things that are here:
a +0 club; a +0 dagger; a goblin corpse You hit Robin.
Robin is lightly wounded.
Robin hits you with a +3 spectral club. The goblin closely misses you. x2
You hit Robin but do no damage.
Robin is lightly wounded.
A goblin comes into view. It is wielding a +0 club.
The goblin hits you from afar with a +0 spear.
The goblin hits you with a +0 club.
The goblin shouts!
You hit Robin. Your punch misses Robin.
Robin is moderately wounded.
You hear a shout!
The goblin hits you but does no damage. x2
The goblin hits you from afar with a +0 spear.
* * * LOW HITPOINT WARNING * * *
A goblin comes into view. It is wielding a +0 club.
The goblin hits you with a +0 club.
* * * LOW HITPOINT WARNING * * *
Robin roars a battlecry!
The goblins go into a battle-frenzy!
Aiming: Charm
Press: ? - help, Shift-Dir - straight line, f - Robin
Aim: Robin, wielding a +3 spectral club, wearing a +0 animal skin and wearing a +0 helmet (moderately wounded, chance to affect: 67%) Robin is charmed.
The goblin barely misses you. The goblin misses you.
Unknown command.
You closely miss the goblin.
The goblin barely misses Robin.
The goblin hits you but does no damage. The goblin hits you with a +0 club.
* * * LOW HITPOINT WARNING * * *
You closely miss the goblin.
The goblin barely misses Robin.
The goblin hits you from afar with a +0 spear.
* * * LOW HITPOINT WARNING * * *
The goblin hits you with a +0 club.
You die...

. ..# ##..##.)... #.###
#.####..###.....
....####.##...####..###
..................###
####.###.##.#####......
#.g...g#.......##..####
#.gg.>..)...##..
###g#.......##..
#@#.......##..
#g##########.. #.# #..
... ... ##.## #.# #.#
#.# #.#


You could see 4 goblins and the friendly Robin (charmed).

Vanquished Creatures
  3 orcs (D:2)
  2 bats (D:1)
  6 endoplasms
  A giant cockroach (D:1)
  8 goblins
  2 hobgoblins (D:2)
  A quokka (D:2)
  3 ball pythons
  A frilled lizard (D:2)
  4 kobolds
  5 rats
36 creatures vanquished.

Notes
Turn   | Place    | Note
-------+----------+-------------------------------------------
     0 | D:1      | H0rd4k the Human Artificer began the quest for the Orb.
     0 | D:1      | Reached XP level 1. HP: 15/15 MP: 1/1
   103 | D:1      | Reached XP level 2. HP: 17/21 MP: 2/2
   826 | D:1      | Reached XP level 3. HP: 26/26 MP: 3/3
  1416 | D:2      | Reached skill level 1 in Maces & Flails
  1714 | D:2      | Noticed Robin
  1728 | D:2      | HP: 1/26 [goblin/+0 spear[Robin] (2)]
  1728 | D:2      | Slain by a goblin

Illustrated notes

Levels and vault maps discovered:
D:1:      dpeg_arrival_arbitrary_c, layout_basic, serial_corexii_hall,
          corexii_hall_statues_i, corexii_hall_statues_i, minivault_5
D:2:      layout_basic, guppyfry_early_orc_mine, uniq_robin

Skill      XL: |  1  2  3 |
---------------+----------+-----
Maces & Flails | 1 |  1.4
Fighting       | |  1.3
Armour         | |  2.2
Dodging        | |  1.4
Stealth        | |  1.1
Evocations     | |  3.6

Action                     || total
---------------------------++-------
  Melee: Club              ||    81
         Mace              ||    48
  Evoke: Wand              ||     2
   Stab: Sleeping          ||     2
 Armour: Leather armour    ||    54
  Dodge: Dodged            ||    89
